 Dungeon Crawl Stone Soup version 0.30.0-15-g856e2d3f33 (webtiles) character file.

Game seed: 12695349271231372033

5378 SnakkuSnakku7 the Grappler (level 10, -3/81 HPs)
             Began as a Ghoul Hexslinger on May 19, 2023.
             Was a Follower of Uskayaw.
             Killed from afar by an acid dragon (30 damage)
             ... with a splash of acid
             ... on level 10 of the Dungeon.
             The game lasted 00:13:31 (7651 turns).

SnakkuSnakku7 the Grappler (Ghoul Hexslinger)       Turns: 7651, Time: 00:13:32

Health: -3/81      AC: 11    Str: 19    XL:     10   Next: 66%
Magic:  10/10      EV: 16    Int:  8    God:    Uskayaw [*.....]
Gold:   322        SH:  6    Dex: 15    Spells: 10/11 levels left

rFire   + .          .
                       - Unarmed
rCold   + . .        J - +0 buckler
rNeg    + + +        y - +0 ring mail {rF+}
rPois   ∞            v - +0 helmet
rElec   .            x - +0 cloak
rCorr   .            p - +2 pair of gloves
SInv    .            m - +0 pair of boots
Will    .....        K - amulet of regeneration
Stlth   +            e - +5 ring of evasion
HPRegen 0.00/turn    G - +6 ring of dexterity
MPRegen 0.12/turn

%: no passive effects
@: inhibited regen
A: claws 1, cold resistance 1, negative energy resistance 3, inhibited
regeneration, torment resistance 2, devour on kill
a: Renounce Religion, Stomp


You were on level 10 of the Dungeon.
You worshipped Uskayaw.
Uskayaw was noncommittal.
You visited 2 branches of the dungeon, and saw 11 of its levels.

You collected 462 gold pieces.
You spent 140 gold pieces at shops.

Inventory:

Hand Weapons
 a - a +1 sling
Missiles
 c - 11 poisoned darts (quivered)
 I - a curare-tipped dart
Armour
 m - a +0 pair of boots (worn)
 p - a +2 pair of gloves (worn)
 s - a +0 plate armour
 v - a +0 helmet (worn)
 x - a +0 cloak (worn)
 y - a +0 ring mail of fire resistance (worn)
 D - a +0 tower shield
 J - a +0 buckler (worn)
Jewellery
 e - a +5 ring of evasion (left hand)
 E - a ring of ice
 G - a +6 ring of dexterity (right hand)
 K - an amulet of regeneration (around neck)
Wands
 n - a wand of charming (2)
Scrolls
 b - 3 scrolls of poison
 f - a scroll of blinking {unknown}
 g - a scroll of enchant armour {unknown}
 i - a scroll of magic mapping
 j - 2 scrolls of fear {unknown}
 k - 3 scrolls of silence {unknown}
 l - 3 scrolls of vulnerability
 t - 3 scrolls of amnesia {unknown}
 u - a scroll of torment {unknown}
 w - 2 scrolls of butterflies {unknown}
 B - 4 scrolls of teleportation
 C - a scroll of immolation {unknown}
 H - a scroll of brand weapon {unknown}
 L - 3 scrolls of identify
Potions
 d - a potion of heal wounds
 h - 2 potions of berserk rage {unknown}
 o - a potion of flight
 q - 2 potions of ambrosia
 r - 2 potions of attraction
 z - 2 potions of haste
 A - a potion of cancellation
 F - a potion of might {unknown}


   Skills:
 - Level 5.0 Fighting
 - Level 1.7 Ranged Weapons
 - Level 4.0 Throwing
 - Level 1.7 Dodging
 + Level 8.0 Shields
 + Level 12.0 Unarmed Combat
 - Level 1.0 Spellcasting
 - Level 2.4 Hexes


You had 10 spell levels left.
You knew the following spells:

 Your Spells              Type           Power      Damage    Failure   Level
a - Slow                  Hex            16%        N/A       32%         1

Your spell library contained the following spells:

 Spells                   Type           Power      Damage    Failure   Level
 Magic Dart               Conj           0%         1d3       63%         1
 Tukima's Dance           Hex            4%         N/A       67%         3
 Call Imp                 Summ           0%         N/A       77%         2
 Inner Flame              Hex/Fire       2%         N/A       83%         3
 Portal Projectile        Hex/Tloc       4%         N/A       83%         3
 Mephitic Cloud           Conj/Pois/Air  0%         N/A       94%         3
 Ozocubu's Armour         Ice            0%         N/A       94%         3
 Vhi's Electric Charge    Tloc/Air       0%         N/A       94%         3
 Cause Fear               Hex            2%         N/A       97%         4
 Simulacrum               Ice/Necr       0%         N/A       100%        6
 Starburst                Conj/Fire      0%         6d3       100%        6
 Ozocubu's Refrigeration  Ice            0%         4d7       100%        7
 Chain Lightning          Conj/Air       0%         N/A       100%        9
 Polar Vortex             Ice            0%         N/A       100%        9
 Blade Hands              Tmut           Unusable   N/A       N/A         5

Dungeon Overview and Level Annotations

Branches:
Dungeon (10/15)            Temple (1/1) D:6
   Lair: D:8-11         Orc: D:9-12

Altars:
Ashenzari
Cheibriados
Hepliaklqana
Makhleb
Nemelex Xobeh
Okawaru
Qazlal
Ru
Sif Muna
Trog
Uskayaw
Vehumet
Wu Jian
Xom
Yredelemnul

Shops:
D:3 !


Innate Abilities, Weirdness & Mutations

You are immune to poison.
You have sharp fingernails.
Your flesh is cold resistant. (rC+)
You are immune to negative energy. (rN+++)
You do not regenerate when monsters are visible.
You are immune to unholy pain and torment.
You thrive by killing the living.


Message History

Okay, then.
You feel much better. The acid dragon spits acid at you.
The splash of acid hits you!!
* * * LOW HITPOINT WARNING * * *
You hear a roar!
You feel much better.
As you read the scroll of teleportation, it crumbles to dust.
You feel strangely unstable. The acid dragon spits acid at you.
You block the splash of acid.
An acid dragon comes into view.
Your surroundings suddenly seem different.
Found a white marble altar of Elyvilon.
The acid dragon moves out of view.
There is a white marble altar of Elyvilon here.
Found a wand of roots (5).
The acid dragon roars!
You are no longer corroded.
The acid dragon bites you! You block the acid dragon's attack.
You closely miss the acid dragon. You hit the acid dragon.
The acid dragon is lightly wounded.
The acid dragon completely misses you. You block the acid dragon's attack.
You punch the acid dragon!
The acid dragon is severely wounded.
The acid dragon spits acid at you. The splash of acid hits you!!
You hear a roar!
You closely miss the acid dragon.
The acid dragon is severely wounded.
The acid dragon closely misses you. The acid dragon barely misses you.
You hit the acid dragon but do no damage.
The acid dragon is severely wounded.
You block the acid dragon's attack. The acid dragon misses you.
Unknown command.
You hit the acid dragon.
The acid dragon is severely wounded.
The acid dragon spits acid at you. The splash of acid hits you!!
You die...

#. ##...## ####.###..[.#
...# ##...........# ....
##...≈§.≈≈....# .....
#..≈..≈.≈..≈..#####.....
#..≈≈.....≈≈..#.........
#......_..§§.... ./.....
#..≈≈.....§≈..###D......
..
#..≈..≈.≈..≈..##@.......
..#
##...≈≈.≈≈..............
...
#............####.##...
.... #...........## ## #
..... #############
#..... #..... #.....
#..... ......


You could see an acid dragon (catching breath).

Vanquished Creatures
  A two-headed ogre (D:9)
  Pikel (D:8)
  A hornet (D:10)
  Sigmund (D:2)
  A wyvern (D:10)
  7 yaks
  2 steam dragons
  A water moccasin (D:6)
  3 black bears
  2 orc warriors
  An ice beast (D:5)
  2 lemures (D:8)
  2 centaurs
  2 kobold brigands
  A gnoll sergeant (D:7)
  3 bullfrogs
  A scorpion (D:4)
  6 wights
  5 hounds
  Crazy Yiuf (D:2)
  7 orc priests
  2 iguanas
  12 orc wizards
  A sleepcap (D:4)
  Robin (D:3)
  9 gnolls
  11 adders
  A shadow imp (D:8)
  2 white imps (D:7)
  2 worms
  A dart slug (D:2)
  34 orcs
  5 ball pythons
  6 endoplasms
  3 giant cockroaches
  18 goblins
  11 hobgoblins
  4 jackals (D:2)
  A quokka (D:3)
  4 bats
  5 frilled lizards
  9 kobolds
  4 rats
197 creatures vanquished.

Vanquished Creatures (others)
  An orc (D:7)
1 creature vanquished.

Grand Total: 198 creatures vanquished

Notes
Turn   | Place    | Note
-------+----------+-------------------------------------------
     0 | D:1      | SnakkuSnakku7 the Ghoul Hexslinger began the quest for the
                  | Orb.
     0 | D:1      | Reached XP level 1. HP: 16/16 MP: 1/1
    49 | D:1      | Reached skill level 1 in Unarmed Combat
    74 | D:1      | Reached XP level 2. HP: 24/24 MP: 2/2
   435 | D:1      | Reached XP level 3. HP: 7/29 MP: 3/3
   584 | D:1      | Reached skill level 2 in Unarmed Combat
   696 | D:2      | Got Sif Muna's Information on Destruction and the Tempest
  1035 | D:2      | Reached XP level 4. HP: 38/38 MP: 4/4
  1116 | D:2      | Noticed Sigmund
  1341 | D:3      | Noticed Robin
  1554 | D:3      | Killed Robin
  1555 | D:3      | Reached skill level 3 in Unarmed Combat
  1781 | D:2      | Killed Sigmund
  1782 | D:2      | Reached skill level 4 in Unarmed Combat
  1782 | D:2      | Reached XP level 5. HP: 47/47 MP: 5/5
  1782 | D:2      | Reached XP level 6. HP: 53/53 MP: 6/6
  1796 | D:2      | Found a runed translucent door.
  1797 | D:2      | Noticed Crazy Yiuf
  1901 | D:2      | Killed Crazy Yiuf
  2118 | D:3      | Found Ystreer's Distillery.
  2139 | D:3      | Bought a potion of haste for 140 gold pieces
  2221 | D:3      | Reached skill level 5 in Fighting
  2496 | D:4      | Reached skill level 5 in Unarmed Combat
  2505 | D:4      | Reached skill level 1 in Throwing
  2714 | D:4      | Reached XP level 7. HP: 51/61 MP: 5/7
  3087 | D:4      | Reached skill level 6 in Unarmed Combat
  3176 | D:5      | Entered Level 5 of the Dungeon
  3621 | D:5      | Reached XP level 8. HP: 56/68 MP: 6/8
  3831 | D:6      | Reached skill level 7 in Unarmed Combat
  4002 | D:6      | Reached skill level 1 in Shields
  4165 | D:6      | Found a staircase to the Ecumenical Temple.
  4174 | Temple   | Entered the Ecumenical Temple
  4189 | Temple   | Became a worshipper of Uskayaw the Reveller
  4213 | D:6      | Reached * piety under Uskayaw
  4228 | D:6      | Reached ** piety under Uskayaw
  4268 | D:6      | Reached *** piety under Uskayaw
  4269 | D:6      | Reached **** piety under Uskayaw
  4619 | D:7      | Reached skill level 8 in Unarmed Combat
  4672 | D:7      | Reached XP level 9. HP: 67/74 MP: 9/9
  4877 | D:7      | Found a radiant altar of Vehumet.
  4990 | D:7      | Reached skill level 9 in Unarmed Combat
  5503 | D:8      | Found a large runed translucent door.
  5503 | D:8      | Found a large runed translucent door.
  5850 | D:8      | Reached skill level 5 in Shields
  5859 | D:8      | Reached ***** piety under Uskayaw
  5865 | D:8      | Reached skill level 10 in Unarmed Combat
  5877 | D:8      | Reached ****** piety under Uskayaw
  6367 | D:8      | Found a shimmering blue altar of Sif Muna.
  6370 | D:8      | Found a sacrificial altar of Ru.
  6430 | D:9      | Noticed a two-headed ogre
  6452 | D:9      | Killed a two-headed ogre
  6453 | D:9      | Reached skill level 11 in Unarmed Combat
  6453 | D:9      | Reached XP level 10. HP: 65/81 MP: 7/10
  6634 | D:9      | Noticed Pikel
  6671 | D:8      | Killed Pikel
  7072 | D:9      | Identified the +6 quarterstaff of Emizuqet {drain, rPois
                  | rC+ Stlth+}
  7281 | D:9      | Found a sparkling altar of Nemelex Xobeh.
  7425 | D:9      | Found a stormy altar of Qazlal.
  7425 | D:9      | Found a snail-covered altar of Cheibriados.
  7465 | D:10     | Entered Level 10 of the Dungeon
  7591 | D:10     | Reached skill level 12 in Unarmed Combat
  7651 | D:10     | Killed from afar by an acid dragon

Illustrated notes

Levels and vault maps discovered:
D:1:      saegor_arrival_under_anarchy, layout_basic, minmay_three_crescents
D:2:      layout_loops_ring, uniq_crazy_yiuf_cottage, uniq_sigmund
D:3:      layout_basic, serial_shops, nicolae_shop_industrial_runoff,
          st_stairs_5, uniq_robin
D:4:      layout_basic
D:5:      layout_loops_cross, chequers_mini_garden
D:6:      layout_cave_pools, minmay_temple_entry_stoned_glass,
          amcnicky_mini_corridor_feature, corner_web_ring, chequers_garden,
          st_stairs_9
D:7:      layout_cave_pools, lemuel_round_altar, grunt_ministairs_8,
          minivault_24, hangedman_abyss_or_decor_lesser_grid
D:8:      layout_loops_corners, jmf_multi_god_temple2,
          nicolae_elevator_lobby_plus
D:9:      layout_basic, nemelex_spade_bored_becter,
          gammafunk_temple_overflow_elements, uniq_pikel
D:10:     layout_big_octagon, mainiacjoe_overflow_small_starburst
Temple:   eino_wide_crystal_templ

Skill      XL: |  1  2  3  4  5  6  7  8  9 10 |
---------------+-------------------------------+-----
Unarmed Combat | 1 2 4 5 6 8 11 12 | 12.0
Fighting       | 2 3 4 5 |  5.0
Throwing       | 1 3 4 |  4.0
Shields        | 3 6 8 |  8.0
Ranged Weapons | |  1.7
Dodging        | |  1.7
Spellcasting   | |  1.0
Hexes          | |  2.4

Action                     |  1- 3 |  4- 6 |  7- 9 | 10-12 || total
---------------------------+-------+-------+-------+-------++-------
  Melee: Unarmed           |    52 |   240 |   443 |    99 ||   834
         Punch             |       |     6 |    15 |       ||    21
   Fire: Sling             |    78 |       |       |       ||    78
  Throw: Dart              |       |       |     8 |       ||     8
   Cast: Slow              |     1 |       |       |       ||     1
  Evoke: Wand              |       |     6 |     3 |       ||     9
    Use: Scroll            |       |       |    12 |     2 ||    14
         Potion            |       |       |       |     2 ||     2
   Stab: Paralysed         |       |       |    11 |     2 ||    13
 Armour: Robe              |     9 |       |       |       ||     9
         Ring mail         |     7 |   126 |   185 |    18 ||   336
  Dodge: Dodged            |    50 |   137 |   230 |    43 ||   460
  Block: Buckler           |       |       |    19 |    31 ||    50
